 Dungeon Crawl Stone Soup version 0.29-a0-113-g078de9bc30 (webtiles) character file.

Game seed: 16745003688105389467

31 hellse the Insei (level 3, 0/28 HPs)
             Began as a Gnoll Transmuter on Feb 19, 2022.
             Succumbed to a kobold's poison
             ... on level 1 of the Dungeon.
             The game lasted 00:01:08 (743 turns).

hellse the Insei (Gnoll Transmuter)                  Turns: 743, Time: 00:01:09

Health: 0/28       AC:  2    Str:  9    XL:     3   Next: 22%
Magic:  9/9        EV: 13    Int: 14    God:
Gold:   23         SH:  0    Dex: 12    Spells: 11/12 levels left

rFire   . . .      SeeInvis .   c - +0 dagger (venom)
rCold   . . .      Faith    .   (no shield)
rNeg    . . .      Spirit   .   a - +0 robe
rPois   .          Reflect  .   (no helmet)
rElec   .          Harm     .   (no cloak)
rCorr   .          Rampage  .   (no gloves)
Will    .....                   (no boots)
Stlth   +.........              (no amulet)
HPRegen 0.09/turn               (no ring)
MPRegen 0.11/turn               (no ring)

@: lethally poisoned (0 -> -8)
A: fangs 1, strong nose, distributed training
a: no special abilities


You were on level 1 of the Dungeon.
You visited 1 branch of the dungeon, and saw 1 of its levels.

You collected 23 gold pieces.

Inventory:

Hand Weapons
 c - a +0 dagger of venom (weapon)
Armour
 a - a +0 robe (worn)
Jewellery
 d - a +4 ring of protection


   Skills:
 + Level 2.6 Fighting
 + Level 0.7 Short Blades
 + Level 0.7 Long Blades
 + Level 0.7 Axes
 + Level 0.7 Maces & Flails
 + Level 0.7 Polearms
 + Level 0.7 Staves
 + Level 0.7 Slings
 + Level 0.7 Bows
 + Level 0.7 Crossbows
 + Level 0.7 Throwing
 + Level 0.7 Armour
 + Level 4.5 Dodging
 + Level 0.7 Stealth
 + Level 0.7 Shields
 + Level 6.5 Unarmed Combat
 + Level 5.0 Spellcasting
 + Level 0.5 Conjurations
 + Level 0.5 Hexes
 + Level 0.5 Summonings
 + Level 0.5 Necromancy
 + Level 0.5 Translocations
 + Level 3.7 Transmutations
 + Level 0.5 Fire Magic
 + Level 0.5 Ice Magic
 + Level 0.5 Air Magic
 + Level 0.5 Earth Magic
 + Level 0.5 Poison Magic
 + Level 0.9 Invocations
 + Level 0.7 Evocations


You had 11 spell levels left.
You knew the following spells:

 Your Spells              Type           Power      Damage    Failure   Level
a - Beastly Appendage     Tmut           28%        N/A       3%          1

Your spell library contained the following spells:

 Spells                   Type           Power      Damage    Failure   Level
 Wereblood                Tmut           14%        N/A       5%          2
 Scorch                   Fire           8%         2d5       22%         2
 Spider Form              Tmut/Pois      9%         N/A       22%         3
 Ice Form                 Ice/Tmut       9%         N/A       58%         4
 Flame Wave               Conj/Fire      4%         2d5       80%         4
 Summon Cactus Giant      Summ           2%         N/A       100%        6


Dungeon Overview and Level Annotations

Branches:
Dungeon (1/15)

Altars:


Innate Abilities, Weirdness & Mutations

You have very sharp teeth.
Your uncanny sense of smell can sniff out nearby items.
Your experience applies equally to all skills.


Message History

You are poisoned.
The bat barely misses you.
Unknown command.
You barely miss the rat. Your kick misses the rat. Your bite misses the rat.
You feel very sick. The bat misses you. The bat closely misses you.
The rat barely misses you.
The kobold hits you with a +0 dagger of venom.
The endoplasm freezes you.
You are frozen.
Unknown command.
Unknown command.
You are too injured to fight recklessly!
Unknown command.
You are too injured to fight recklessly!
You feel sick. The bat misses you. The bat hits you but does no damage.
You feel sick. The bat misses you.
You feel sick. The bat misses you.
You hit the bat.
The bat is poisoned.
You claw the bat.
You kill the bat!
You feel sick.
You hit the rat.
You kill the rat!
You feel sick.
You hit the endoplasm but do no damage.
The endoplasm is poisoned.
You claw the endoplasm, but do no damage.
You feel sick. The endoplasm completely misses you.
You hit the endoplasm but do no damage. Your kick misses the endoplasm.
You headbutt the endoplasm. You punch the endoplasm.
You kill the endoplasm!
You feel sick.
You are no longer poisoned.
Your transformation is almost over.
Your horns disappear.
Your talons disappear.
Found a scroll labelled MEYZAQ DETZU.
You closely miss the kobold. Your bite misses the kobold.
The kobold hits you with a +0 dagger of venom.
* * * LOW HITPOINT WARNING * * *
You are lethally poisoned!
It was a potion of cancellation.
You feel magically purged.
You die...

#####.........# #..
#####.........# ##P.
# #........######
#... ###
####.........## #.♣.
..###
##.............##
#... ....##
#>.####..#####..#
###'
##...###.####...#
##÷# #..
..#..÷........#.###
#.##### #†#
.P.#...........K@.#
#.....####.#
.P..##....#####.#..#
##.PPP..÷..#
♣.♣.....#...#
#.##.......♣..P).##
.♣♣..##.###..##.#
..#....♣......#
PPP♣.##.# #..#.#
....♣♣♣P.PP..#
)P.♣..#.# ....#
#..PP♣ ♣♣P♣♣P.#
..)÷.)..# .###
##...P ..PP.##
#.....### . ##P.?
♣P...## ..#..## ...#


You could see a kobold.

Vanquished Creatures
  4 bats (D:1)
  2 endoplasms (D:1)
  3 giant cockroaches (D:1)
  7 goblins (D:1)
  A hobgoblin (D:1)
  4 jackals (D:1)
  3 ball pythons (D:1)
  3 frilled lizards (D:1)
  A rat (D:1)
28 creatures vanquished.

Vanquished Creatures (others)
  A plant (D:1)
1 creature vanquished.

Grand Total: 29 creatures vanquished

Notes
Turn   | Place    | Note
-------+----------+-------------------------------------------
     0 | D:1      | hellse the Gnoll Transmuter began the quest for the Orb.
     0 | D:1      | Reached XP level 1. HP: 17/17 MP: 6/6
   220 | D:1      | Reached XP level 2. HP: 23/23 MP: 5/7
   523 | D:1      | Reached XP level 3. HP: 15/28 MP: 7/9
   545 | D:1      | Reached skill level 5 in Spellcasting
   743 | D:1      | Succumbed to a kobold's poison

Illustrated notes

Levels and vault maps discovered:
D:1:      lightli_arrival_windingriver, layout_rooms, serial_forest,
          infiniplex_forest_clump_curved, infiniplex_forest_lined_room_2,
          infiniplex_forest_clump_cross, infiniplex_forest_clump_diagonal,
          infiniplex_forest_end_2, infiniplex_forest_straight_2,
          minmay_heptomino_h4

Skill      XL: |  1  2  3 |
---------------+----------+-----
Spellcasting   | 5 |  5.0
Fighting       | |  2.6
Short Blades   | |  0.7
Long Blades    | |  0.7
Axes           | |  0.7
Maces & Flails | |  0.7
Polearms       | |  0.7
Staves         | |  0.7
Slings         | |  0.7
Bows           | |  0.7
Crossbows      | |  0.7
Throwing       | |  0.7
Armour         | |  0.7
Dodging        | |  4.5
Stealth        | |  0.7
Shields        | |  0.7
Unarmed Combat | |  6.5
Conjurations   | |  0.5
Hexes          | |  0.5
Summonings     | |  0.5
Necromancy     | |  0.5
Translocations | |  0.5
Transmutations | |  3.7
Fire Magic     | |  0.5
Ice Magic      | |  0.5
Air Magic      | |  0.5
Earth Magic    | |  0.5
Poison Magic   | |  0.5
Invocations    | |  0.9
Evocations     | |  0.7

Action                   || total
-------------------------++-------
Melee: Unarmed           ||    53
       Kick              ||     5
       Punch             ||     4
       Bite              ||     1
       Dagger            ||    16
       Headbutt          ||     1
 Cast: Beastly Appendage ||     3
  Use: Potion            ||     1
Armor: Robe              ||    17
Dodge: Dodged            ||    50

Table legend: (Time is in decaauts)
 A = Elapsed time spent in this place.
 B = Non-inter-level travel time spent in this place.
 C = Inter-level travel time spent in this place.
 D = Time resting spent in this place.
 E = Time spent auto-exploring this place.
 F = Levels seen in this place.
 G = Mean time per level.
                   A        B        C        D        E       F      G
               +--------+--------+--------+--------+--------+-----+--------+
         Total |    737 |    737 |      0 |     70 |    505 |   1 |  737.0 |
       Dungeon |    737 |    737 |      0 |     70 |    505 |   1 |  737.0 |
               +--------+--------+--------+--------+--------+-----+--------+

Top non-repeatable levels by time:
     D:1: 737 daAuts
